 Dungeon Sprint DCSS version 0.25-a0-108-gda8bd6c (webtiles) character file.

Game seed: 3616854840214671087, levelgen mode: deterministic

1197 schets the Unseen (level 8, -9/41 HPs)
             Began as a Vampire Enchanter on Nov 17, 2019.
             Was an Initiate of Dithmenos.
             Mangled by a deep troll (15 damage)
             ... in the Dungeon (Sprint I: "Red Sonja").
             The game lasted 00:02:12 (910 turns).

schets the Unseen (Vampire Enchanter)                Turns: 910, Time: 00:02:12

Health: -9/41      AC:  2    Str:  9    XL:     8   Next: 20%
Magic:  10/20      EV: 13    Int: 17    God:    Dithmenos [......]
Gold:   611        SH:  0    Dex: 15    Spells: 9/23 levels left

rFire    . . .     SeeInvis +   a - +1 dagger
rCold    + + .     Gourm    .   (no shield)
rNeg     + + +     Faith    .   b - +0 robe
rPois    ∞         Spirit   .   (no helmet)
rElec    .         Reflect  .   (no cloak)
rCorr    .         Harm     .   (no gloves)
MR       .....     NoTele   +   (no boots)
Stlth    +++++++++.             (no amulet)
HPRegen  0.00/turn              (no ring)
MPRegen  0.17/turn              (no ring)

@: very slightly contaminated, bloodless
A: no food, fangs 3, see invisible, unbreathing
a: Bat Form, Revivify, Renounce Religion


You were in the Dungeon.
You worshipped Dithmenos.
Dithmenos was noncommittal.
You were bloodless.

You visited 1 branch You collected 611 gold pieces.

Inventory:

Hand Weapons
 a - a +1 dagger (weapon)
Armour
 b - a +0 robe (worn)
 h - a +0 buckler
Wands
 c - a wand of random effects (13)
Scrolls
 e - a scroll of identify {unknown}
 i - a scroll of blinking
Potions
 d - 3 potions of curing
 f - a potion of haste
 g - 2 potions of magic


   Skills:
 - Level 1.1 Short Blades
 - Level 2.1 Dodging
 * Level 18.0 Stealth
 - Level 4.1 Shields
 + Level 8.3 Spellcasting
 + Level 12.8 Hexes
 + Level 0.0 Charms
 + Level 0.0 Air Magic


You had 9 spell levels left.
You knew the following spells:

 Your Spells              Type           Power        Failure   Level  Hunger
a - Corona                Hex            ######.      1%          1    N/A
b - Ensorcelled Hibernat  Hex/Ice        ####..       1%          2    N/A
c - Confuse               Hex            ######..     1%          3    N/A
d - Tukima's Dance        Hex            ######..     1%          3    N/A
e - Dazzling Spray        Conj/Hex       ####..       2%          3    N/A
f - Swiftness             Chrm/Air       #.......     16%         2    N/A

Your spell library contained the following spells:

 Spells                   Type           Power        Failure   Level  Hunger
 Shock                    Conj/Air       #...         10%         1    N/A
 Static Discharge         Conj/Air       #.......     30%         3    N/A
 Airstrike                Air            #.........   69%         4    N/A
 Lightning Bolt           Conj/Air       #.........   95%         5    N/A

Dungeon Overview and Level Annotations

Branches:
Dungeon (1/1)

Altars:
Cheibriados
Dithmenos
Elyvilon
Fedhas
Gozag
Hepliaklqana
Kikubaaqudgha
Makhleb
Nemelex Xobeh
Okawaru
Qazlal
Ru
Sif Muna
Trog
Uskayaw
Vehumet
Wu Jian
Xom
Yredelemnul
Zin
The Shining One
Jiyva
Lugonu

Shops:
D =


Innate Abilities, Weirdness & Mutations

You do not eat.
You do not regenerate when monsters are visible.
You are frail without blood (-20% HP).
You can heal yourself when you bite living creatures.
You are immune to poison.
You have razor-sharp teeth.
You have supernaturally acute eyesight. (SInv)
You can survive without breathing.


Message History

Aim: a deep troll (chance to defeat MR: 55%)
The deep troll appears confused.
Casting: Confuse (safe; 1% risk of failure)
Confirm with . or Enter, or press ? or * to list all spells.
Aiming: Confuse (safe; 1% risk of failure)
Press: ? - help, Shift-Dir - straight line, f/p - deep troll
Aim: a deep troll (confused, chance to defeat MR: 55%)
Okay, then.
Casting: Confuse (safe; 1% risk of failure)
Confirm with . or Enter, or press ? or * to list all spells.
Aiming: Ensorcelled Hibernation (safe; 1% risk of failure)
Press: ? - help, Shift-Dir - straight line, f/p - deep troll
Aim: a deep troll (confused, chance to defeat MR: 39%)
The deep troll looks drowsy...
You are too injured to fight recklessly!
You are too injured to fight recklessly!
There is an open door here.
The deep troll shouts!
The deep troll bites you!
You die...

#..#__####..##.#
#..#_____##'#_.+
#⌠⌠#_.∩...'..._#
####_..__##_.#'#
#_____###'#.#
#########.####+###
+...'$$.$$+
#.)T#######
###@### #.#'#.#
#.....# #.....#
#######


You could see a deep troll (confused).

Vanquished Creatures
  Sonja (D)
  A slime creature (D)
  Sigmund (D)
  A yak (D)
  An ogre (D)
  A jelly (D)
  Ijyb (D)
7 creatures vanquished.

Vanquished Creatures (others)
  2 ballistomycete spores (D)
2 creatures vanquished.

Grand Total: 9 creatures vanquished

Notes
Turn   | Place    | Note
-------+----------+-------------------------------------------
     0 | D        | schets the Vampire Enchanter began the quest for the Orb.
     0 | D        | Reached XP level 1. HP: 13/13 MP: 3/3
     5 | D        | Noticed Ijyb
    17 | D        | Killed Ijyb
    17 | D        | Reached skill level 7 in Stealth
    17 | D        | Reached XP level 2. HP: 12/19 MP: 4/6
    68 | D        | Learned a level 2 spell: Ensorcelled Hibernation
    69 | D        | Noticed an ogre
    76 | D        | Killed an ogre
    76 | D        | Reached skill level 10 in Stealth
    76 | D        | Reached XP level 3. HP: 17/19 MP: 0/9
    76 | D        | Reached XP level 4. HP: 21/24 MP: 0/10
   219 | D        | Noticed Sigmund
   222 | D        | Killed Sigmund
   222 | D        | Reached skill level 13 in Stealth
   222 | D        | Reached skill level 5 in Spellcasting
   222 | D        | Reached XP level 5. HP: 28/28 MP: 11/13
   242 | D        | Learned a level 3 spell: Confuse
   246 | D        | Learned a level 3 spell: Tukima's Dance
   250 | D        | Learned a level 3 spell: Dazzling Spray
   263 | D        | Found a burning altar of Makhleb.
   263 | D        | Found a viscous altar of Jiyva.
   263 | D        | Found a shimmering altar of Xom.
   263 | D        | Found a corrupted altar of Lugonu.
   263 | D        | Noticed a slime creature
   270 | D        | Killed a slime creature
   270 | D        | Reached skill level 15 in Stealth
   270 | D        | Reached XP level 6. HP: 32/32 MP: 10/15
   305 | D        | Found an ornate altar of the Wu Jian Council.
   305 | D        | Found a shimmering blue altar of Sif Muna.
   307 | D        | Found a radiant altar of Vehumet.
   691 | D        | Found Sastasm's Jewellery Emporium.
   691 | D        | Found an ancient bone altar of Kikubaaqudgha.
   691 | D        | Found a hazy altar of Hepliaklqana.
   691 | D        | Found a stormy altar of Qazlal.
   691 | D        | Found a hide-covered altar of Uskayaw.
   691 | D        | Found a blossoming altar of Fedhas.
   691 | D        | Found a bloodstained altar of Trog.
   691 | D        | Found an iron altar of Okawaru.
   691 | D        | Found a basalt altar of Yredelemnul.
   691 | D        | Found a glowing golden altar of the Shining One.
   691 | D        | Found a snail-covered altar of Cheibriados.
   691 | D        | Found a sacrificial altar of Ru.
   691 | D        | Found a glowing silver altar of Zin.
   691 | D        | Found a shadowy altar of Dithmenos.
   691 | D        | Found a white marble altar of Elyvilon.
   691 | D        | Noticed a yak
   692 | D        | Found an opulent altar of Gozag.
   693 | D        | Killed a yak
   693 | D        | Reached skill level 16 in Stealth
   693 | D        | Reached skill level 1 in Shields
   693 | D        | Reached XP level 7. HP: 36/36 MP: 17/17
   694 | D        | Found a sparkling altar of Nemelex Xobeh.
   702 | D        | Became a worshipper of Dithmenos the Shadowed
   724 | D        | Noticed Sonja
   728 | D        | Killed Sonja
   728 | D        | Reached skill level 18 in Stealth
   728 | D        | Reached XP level 8. HP: 41/41 MP: 18/20
   873 | D        | Learned a level 2 spell: Swiftness
   901 | D        | Noticed a deep troll
   910 | D        | Mangled by a deep troll

Levels and vault maps discovered:
D:        dungeon_sprint_1 [red_sonja_temple_1, red_sonja_temple_small_1]

Skill      XL: |  1  2  3  4  5  6  7 |
---------------+----------------------+-----
Stealth        | 7 10 13 15 16 18 | 18.0
Spellcasting   | 3 4 5 6 7 8 |  8.3
Hexes          | 6 7 9 11 12 | 12.8
Shields        | 1 4 |  4.1
Short Blades   | |  1.1
Dodging        | |  2.1

Action                   |  1- 3 |  4- 6 |  7- 9 || total
-------------------------+-------+-------+-------++-------
Melee: Dagger            |    11 |     7 |     1 ||    19
       Bite              |       |     1 |       ||     1
 Cast: Ensorcelled Hiber |     3 |     4 |     1 ||     8
       Confuse           |       |     1 |     3 ||     4
 Abil: Exsanguinate      |     1 |       |       ||     1
  Use: Potion            |     1 |     1 |       ||     2
       Scroll            |       |       |     1 ||     1
 Stab: Sleeping          |     3 |     4 |     1 ||     8
       Confused          |       |     1 |       ||     1
Dodge: Dodged            |     2 |     3 |       ||     5

Table legend:
 A = Non-vault XP
 B = Vault XP
 C = Vault XP percentage of total XP
 D = Non-vault monster count
 E = Vault monster count
 F = Vault count percentage of total count
                 A         B        C        D         E       F
            +---------+---------+-------+---------+---------+-------
      Total |       0 |    1710 | 100.0 |       0 |       7 | 100.0
            +---------+---------+-------+---------+---------+-------
          D |       0 |    1710 | 100.0 |       0 |       7 | 100.0
            +---------+---------+-------+---------+---------+-------
